 Dungeon Crawl Stone Soup version 0.29-a0-284-gf9362112df (webtiles) character file.

Game seed: 6005545898153100079

79 spaghetti the Digger (level 4, -3/33 HPs)
             Began as a Draconian Earth Elementalist on Mar 25, 2022.
             Was a Follower of Makhleb.
             Slain by a sky beast (4 damage)
             ... on level 4 of the Dungeon.
             The game lasted 00:04:44 (2602 turns).

spaghetti the Digger (Draconian Earth Elementalist) Turns: 2602, Time: 00:04:44

Health: -3/33      AC:  5    Str: 11    XL:     4   Next: 16%
Magic:  6/7        EV: 13    Int: 15    God:    Makhleb [*.....]
Gold:   101        SH:  0    Dex: 19    Spells: 4/7 levels left

rFire   . . .      SeeInvis .   f - staff of poison {!astaff}
rCold   . . .      Faith    .   (no shield)
rNeg    . . .      Spirit   .   (body armour unavailable)
rPois   +          Reflect  .   (helmet restricted)
rElec   .          Harm     .   (no cloak)
rCorr   .          Rampage  .   (no gloves)
Will    .....                   (no boots)
Stlth   ++........              (no amulet)
HPRegen 0.11/turn               h - +6 ring of dexterity
MPRegen 0.10/turn               (no ring)

@: no status effects
A: AC +5, unfitting armour, cold-blooded
a: Renounce Religion


You were on level 4 of the Dungeon.
You worshipped Makhleb.
Makhleb was aware of your devotion.
You visited 1 branch of the dungeon, and saw 4 of its levels.

You collected 101 gold pieces.


Innate Abilities, Weirdness & Mutations

Your plain brown scales are hard. (AC +5)
You cannot fit into any form of body armour.
You are cold-blooded and may be slowed by cold attacks.


   Skills:
 * Level 2.5 Dodging
 - Level 1.7 Stealth
 - Level 2.0 Spellcasting
 - Level 1.0 Transmutations
 + Level 4.6 Earth Magic


You had 4 spell levels left.
You knew the following spells:

 Your Spells              Type           Power      Damage    Failure   Level
a - Sandblast             Erth           30%        2d9       3%          1
b - Passwall              Tmut/Erth      7%         N/A       11%         2

Your spell library contained the following spells:

 Spells                   Type           Power      Damage    Failure   Level
 Stone Arrow              Conj/Erth      16%        3d8       26%         3
 Petrify                  Tmut/Erth      9%         N/A       56%         4

Inventory:

Hand Weapons
 n - a +0 short sword of electrocution {short}
   (You found it on level 2 of the Dungeon)
Missiles
 a - 182 stones {throwing}
 d - 9 boomerangs {throwing}
Magical Staves
 f - a staff of poison (weapon) {!astaff}
   (You found it on level 3 of the Dungeon)
Jewellery
 h - a +6 ring of dexterity (left hand)
   (You found it on level 1 of the Dungeon)
Scrolls
 c - 4 scrolls of fear
 o - a scroll of magic mapping {!r}
 p - 2 scrolls of identify {unknown}

Dungeon Overview and Level Annotations

Branches:
Dungeon (4/15)             Temple (0/1) D:4

Altars:
Ashenzari
Makhleb

*,,* #.....# *8,,,,*,,,, *,,*
#.....# **,,,,***** *,,* #.....#
*,,,,* *,,* #.....# **,,,,* *,,*
#.....# *8,,,,* *,,* #.....#
**,,,,***** ***#..##
#.....######*,,,,,,,,, *,,....#
#.....'....#*,,,,,,,,,
*,*#...####....@######,***8***8*
*,*#...##.......Y..#******** ***
*,*#...##..........#*,,,,,,****,
*,*#....#..........#*,,,,,,,,,,,
*,##....P..........#**********,*
*,#<.....P..###.####*,,,,,,,****
*,##..#PP>.......# *,,,,,,,***8
*,*#.....PP....###****,,,,,,**,,
*,*#......Pā‰ˆ...#**āŒ
***,,,,,,*8,,


You could see a sky beast.


Message History

Okay, then.
You aren't carrying any items that you can evoke.
Okay, then.
Magic courses through your body.
The sky beast barely misses you. šŸ˜± MP[+7]
Your mp is fully restored (7).
As you read the scroll labelled SIALAE YSAGIKE, it crumbles to dust.
You feel aware of your surroundings.
You sensed 2 altars, and 1 shop/portal.
It was a scroll of magic mapping.
The sky beast misses you.
You aren't carrying any potions.
Unknown command.
You aren't carrying any potions.
As you read the scroll labelled COAZXOB ALOL, it crumbles to dust.
You assume a fearsome visage.
The sky beast looks frightened!
It was a scroll of fear.
The sky beast flickers out of sight!
Deactivating autopickup; reactivate with Ctrl-A.
Unknown command. šŸ˜± HP[+1]
You see here a metallic white potion.
b - a metallic white potion It was a potion of heal wounds.
You feel much better. šŸ˜® HP[+21]
You regained 21 hp, and now have 23/33 hp.
There is a strange disturbance nearby! šŸ˜® HP[+1]
There is a strange disturbance nearby!
There is a strange disturbance nearby!
There is a strange disturbance nearby!
There is a strange disturbance nearby!
A sky beast appears from thin air!
Reactivating autopickup.
The sky beast hits the plant.
The plant begins to die.
The sky beast shocks the plant.
You now have 101 gold pieces (gained 6). šŸ˜• HP[+1]
There are no items here.
A nearby plant withers and dies.
The sky beast flickers out of sight!
Deactivating autopickup; reactivate with Ctrl-A.
You reach down and open the door.
A nearby plant withers and dies.
You are starting to lose your buoyancy.
There is an open door here.
You reach down and close the door. šŸ˜• HP[+1]
You float gracefully downwards.
You start resting.
You feel a little less clever now. šŸ˜Ž HP[+7]
Your hp is fully restored (33).
Your +0 short sword of electrocution {short} stops crackling.
f - a staff of poison (weapon)
{!astaff} You open the door.
There is an open door here.
A sky beast is nearby!
A sky beast is nearby!
A sky beast is nearby!
Really attack while wielding your staff of poison {!astaff}?
Okay, then.
A sky beast is nearby!
Really attack while wielding your staff of poison {!astaff}?
You hit the sky beast.
Your tail-slap misses the sky beast.
The sky beast closely misses you. The sky beast misses you.
You hit the sky beast. The sky beast hits you.
The sky beast shocks you. šŸ˜• HP[-7]
You take 7 damage, and now have 26/33 hp.
MASSIVE DAMAGE!! (PAUSE)
You hit the sky beast. The sky beast hits you.
The sky beast shocks you. šŸ˜® HP[-8]
You take 8 damage, and now have 18/33 hp.
MASSIVE DAMAGE!! (PAUSE)
You hit the sky beast.
Your tail-slap misses the sky beast.
The sky beast misses you.
You hit the sky beast. The sky beast barely misses you.
Unknown command.
You hit the sky beast but do no damage.
The sky beast hits you but does no damage. x2
You closely miss the sky beast. The sky beast hits you.
* * * LOW HITPOINT WARNING * * *
The sky beast shocks you.
* * * LOW HITPOINT WARNING * * *
šŸ˜Ø HP[-8]
You take 8 damage, and now have 10/33 hp.
MASSIVE DAMAGE!! (PAUSE)
Aiming: Sandblast (safe; 3% risk of failure)
Press: ? - help, Q - select action, (/) - cycle Shift-Dir - straight line, f/p - sky beast
Aim: a sky beast (heavily wounded, 71% to hit)
The blast of sand misses the sky beast.
The sky beast hits you.
* * * LOW HITPOINT WARNING * * *
The sky beast shocks you.
* * * LOW HITPOINT WARNING * * *
šŸ˜± HP[-9] MP[-1]
You take 9 damage, and now have 1/33 hp.
MASSIVE DAMAGE!! (PAUSE)
You lost 1 mp, and now have 6/7 mp.
Aiming: Sandblast (safe; 3% risk of failure)
Press: ? - help, Q - select action, (/) - cycle Shift-Dir - straight line, f/p - sky beast
Aim: a sky beast (heavily wounded, 71% to hit)
The blast of sand hits the sky beast but does no damage.
The sky beast hits you.
You die...

Skill      XL: |  1  2  3 |
---------------+----------+-----
Earth Magic    | 4 |  4.6
Dodging        | 2 |  2.5
Stealth        | |  1.7
Spellcasting   | |  2.0
Transmutations | |  1.0

Action                   |  1- 3 |  4- 6 || total
-------------------------+-------+-------++-------
Melee: Unarmed           |    26 |       ||    26
       Short sword       |    20 |    11 ||    31
       Tailslap          |     1 |     1 ||     2
       Staff             |       |     7 ||     7
 Cast: Sandblast         |    41 |    18 ||    59
  Use: Potion            |       |     5 ||     5
       Scroll            |       |     2 ||     2
 Stab: Distracted        |     1 |       ||     1
       Sleeping          |     1 |       ||     1
Armor: Skin              |    16 |    11 ||    27
Dodge: Dodged            |    43 |    16 ||    59

Levels and vault maps discovered:
D:1:      mainiacjoe_arrival_reflecting_pool, layout_basic,
          basic_ecumenical_altar
D:2:      layout_basic, basic_altar
D:3:      layout_basic, lemuel_crystal_altar,
          amcnicky_mini_rare_corridor_liquid, uniq_terence
D:4:      wander_river, layout_basic, tso_metal_star,
          mainiacjoe_overflow_tiny_flanked, minmay_temple_entry_overgrown,
          serial_corexii_hall, corexii_hall_statues_i,
          corexii_hall_statues_deadend, chequers_hall_statues_corner_a,
          corexii_hall_statues_deadend, nicolae_shop_overcharged_wands

Notes
Turn   | Place    | Note
-------+----------+-------------------------------------------
     0 | D:1      | spaghetti the Draconian Earth Elementalist began the quest
                  | for the Orb.
     0 | D:1      | Reached XP level 1. HP: 14/14 MP: 3/3
     0 | D:1      | magus.rc [v1.9.6]
   508 | D:1      | Reached XP level 2. HP: 20/20 MP: 3/5
   853 | D:1      | Reached skill level 4 in Earth Magic
   922 | D:1      | Found a faded altar of an unknown god.
   948 | D:1      | Prayed at the altar of an unknown god.
   948 | D:1      | Became a worshipper of Makhleb the Destroyer
   948 | D:1      | Reached * piety under Makhleb
  1148 | D:2      | Reached XP level 3. HP: 26/26 MP: 0/6
  1315 | D:2      | Learned a level 2 spell: Passwall
  1515 | D:3      | Noticed Terence
  1527 | D:3      | Killed Terence
  1528 | D:3      | Reached skill level 2 in Dodging
  1807 | D:3      | Reached XP level 4. HP: 33/33 MP: 3/7
  1981 | D:3      | Found a broken altar of Ashenzari.
  2464 | D:4      | Found a staircase to the Ecumenical Temple.
  2467 | D:4      | Noticed a sky beast
  2484 | D:4      | HP: 4/33 [something (6)]
  2488 | D:4      | HP: 1/33 [sky beast (5)]
  2601 | D:4      | HP: 7/33 [sky beast (3)]
  2601 | D:4      | HP: 1/33 [sky beast (6)]
  2602 | D:4      | Slain by a sky beast

Vanquished Creatures
  Terence (D:3)
  A dart slug (D:1)
  A worm (D:3)
  3 orcs (D:3)
  6 bats
  A giant cockroach (D:3)
  3 goblins
  5 hobgoblins
  3 quokkas (D:1)
  7 ball pythons
  2 frilled lizards
  3 kobolds
  7 rats
43 creatures vanquished.

Vanquished Creatures (others)
  3 plants (D:4)
3 creatures vanquished.

Grand Total: 46 creatures vanquished

Table legend:
 A = Non-vault XP
 B = Vault XP
 C = Vault XP percentage of total XP
 D = Non-vault monster count
 E = Vault monster count
 F = Vault count percentage of total count
                 A         B        C        D         E       F
            +---------+---------+-------+---------+---------+-------
      Total |      77 |      36 |  31.9 |      42 |       1 |   2.3
            +---------+---------+-------+---------+---------+-------
        D:1 |      39 |       0 |   0.0 |      24 |       0 |   0.0
        D:2 |      13 |       0 |   0.0 |       7 |       0 |   0.0
        D:3 |      25 |      36 |  59.0 |      11 |       1 |   8.3
            +---------+---------+-------+---------+---------+-------

Illustrated notes

Table legend:
 A = Kills in this place as a percentage of kills in entire the game.
 B = Kills by you in this place as a percentage of kills by you in the entire game.
 C = Kills by friends in this place as a percentage of kills by friends in the entire game.
 D = Other kills in this place as a percentage of other kills in the entire game.
 E = Experience gained in this place as a percentage of experience gained in the entire game.
 F = Experience gained in this place divided by the number of levels of this place that you have seen.
                   A       B       C       D       E      F
               +-------+-------+-------+-------+-------+----------------------
         Total | 100.0 | 100.0 |   N/A |   N/A | 100.0 |  28.2
       Dungeon | 100.0 | 100.0 |   N/A |   N/A | 100.0 |  28.2
               +-------+-------+-------+-------+-------+----------------------

Table legend: (Time is in decaauts)
 A = Elapsed time spent in this place.
 B = Non-inter-level travel time spent in this place.
 C = Inter-level travel time spent in this place.
 D = Time resting spent in this place.
 E = Time spent auto-exploring this place.
 F = Levels seen in this place.
 G = Mean time per level.
                   A        B        C        D        E       F      G
               +--------+--------+--------+--------+--------+-----+--------+
         Total |   2605 |   2523 |     82 |    172 |   1988 |   4 |  651.2 |
       Dungeon |   2605 |   2523 |     82 |    172 |   1988 |   4 |  651.2 |
               +--------+--------+--------+--------+--------+-----+--------+

Top non-repeatable levels by time:
     D:1: 1139 daAuts
     D:3: 925 daAuts
     D:2: 401 daAuts
     D:4: 139 daAuts
